 Dungeon Crawl Stone Soup version 0.26-a0-61-g6c07f0ee8d (webtiles) character file.

Game seed: 11513053603074956408

84 Ozzies the Skirmisher (level 4, 0/42 HPs)
             Began as a Minotaur Fighter on June 9, 2020.
             Slain by vurker's ghost (1 damage)
             ... on level 3 of the Dungeon.
             The game lasted 00:06:24 (1840 turns).

Ozzies the Skirmisher (Minotaur Fighter)            Turns: 1840, Time: 00:06:24

Health: 0/42       AC: 12    Str: 21    XL:     4   Next: 23%
Magic:  3/3        EV:  7    Int:  5    God:
Gold:   102        SH:  9    Dex: 10    Spells: 3/3 levels left

rFire    . . .     SeeInvis .   a - +0 war axe
rCold    . . .     Gourm    .   c - +0 kite shield
rNeg     . . .     Faith    .   b - +0 scale mail
rPois    .         Spirit   .   (helmet restricted)
rElec    .         Reflect  .   l - +0 cloak
rCorr    .         Harm     .   (no gloves)
MR       .....                  (no boots)
Stlth    ..........             e - amulet of the acrobat
HPRegen  0.14/turn              h - +4 ring of protection
MPRegen  0.08/turn              (no ring)

@: mighty
A: retaliatory headbutt, horns 2
a: no special abilities


You were on level 3 of the Dungeon.
You were very hungry.

You visited 1 branch of the dungeon, and saw 3 of its levels.

You collected 102 gold pieces.

Inventory:

Hand Weapons
 a - a +0 war axe (weapon)
Armour
 b - a +0 scale mail (worn)
 c - a +0 kite shield (worn)
 l - a +0 cloak (worn)
Jewellery
 e - an amulet of the acrobat (around neck)
 h - a +4 ring of protection (left hand)
Scrolls
 g - a scroll of identify {unknown}
 i - 3 scrolls of enchant weapon {unknown}
 k - a scroll of magic mapping {unknown}
 m - a scroll of fog {unknown}
Potions
 j - a potion of brilliance {unknown}
 n - a potion of degeneration {unknown}
 o - 2 potions of invisibility {unknown}
 p - a potion of heal wounds {unknown}
Comestibles
 f - 2 rations


   Skills:
 * Level 5.1 Fighting
 + Level 3.4 Axes
 - Level 4.0 Armour
 - Level 4.0 Shields


You had 3 spell levels left.
You didn't know any spells.
Your spell library was empty.

Dungeon Overview and Level Annotations

Branches:
Dungeon (3/15)

Altars:
Beogh

Annotations:
D:3 vurker's ghost, amateur GnSk


Innate Abilities, Weirdness & Mutations

You reflexively headbutt those who attack you in melee.
You have a pair of horns on your head.


Message History

You hit vurker's ghost.
The orc hits you with the +9 whip "Gurghoicw" {freeze, *Rage rElec rF++ Str+3}!
The orc freezes you.
Vurker's ghost hits you but does no damage.
The orc hits you with the +9 whip "Gurghoicw" {freeze, *Rage rElec rF++ Str+3}!
* * * LOW HITPOINT WARNING * * *
The orc freezes you.
* * * LOW HITPOINT WARNING * * *
You block vurker's ghost's attack.
Your shield and scale mail prevent you from hitting the orc.
The orc is heavily wounded.
You closely miss vurker's ghost.
The orc hits you with the +9 whip "Gurghoicw" {freeze, *Rage rElec rF++ Str+3}.
* * * LOW HITPOINT WARNING * * *
The orc freezes you.
* * * LOW HITPOINT WARNING * * *
The orc closely misses you. You furiously retaliate!
You headbutt the orc!
You kill the orc!
Vurker's ghost hits you.
You die...

#8##### #.#... 8
#### ##.#(.##.
##...##..#..#8..
#...)..<.#..##..
.........#.#....
.........'.#....
......)..).#.8._
#.......@Wo#...[
##...##..#o#....
##.# ##.#..##[[ #
#.. #.#..#8..
..##.. #.#..##..
#.....###.#.....8
####.....8#######
.........##
###.##...#


You could see vurker's ghost and 2 orcs.

Vanquished Creatures
  2 adders
  A worm (D:2)
  3 dart slugs
  A leopard gecko (D:3)
  4 orcs (D:3)
  8 bats
  4 giant cockroaches
  8 goblins
  4 hobgoblins
  4 jackals (D:2)
  3 kobolds
  2 frilled lizards
  4 rats
48 creatures vanquished.

Notes
Turn   | Place    | Note
-------+----------+-------------------------------------------
     0 | D:1      | Ozzies the Minotaur Fighter began the quest for the Orb.
     0 | D:1      | Reached XP level 1. HP: 19/19 MP: 0/0
   360 | D:1      | Reached XP level 2. HP: 27/27 MP: 1/1
   382 | D:1      | Reached skill level 4 in Fighting
   613 | D:1      | Reached XP level 3. HP: 33/33 MP: 2/2
  1689 | D:3      | Reached skill level 5 in Fighting
  1689 | D:3      | Reached XP level 4. HP: 35/42 MP: 3/3
  1817 | D:3      | Noticed vurker's ghost (amateur GnSk)
  1819 | D:3      | Found a runed translucent gate.
  1820 | D:3      | Found a runed translucent gate.
  1820 | D:3      | Identified the +9 whip "Gurghoicw" {freeze, *Rage rElec
                  | rF++ Str+3}
  1820 | D:3      | Identified the +1 scale mail "Isua" {rF+}
  1821 | D:3      | Found a roughly hewn altar of Beogh.
  1821 | D:3      | Found a runed translucent gate.
  1840 | D:3      | HP: 2/42 [orc/the +9 whip "Gurghoicw" {freeze, *Rage rElec
                  | rF++ Str+3} (1)]
  1840 | D:3      | Slain by vurker's ghost

Illustrated notes

Levels and vault maps discovered:
D:1:      ebering_trefoil_twist, layout_loops_cross,
          kennysheep_decorative_pillar, minmay_cut_off
D:2:      layout_basic
D:3:      layout_rooms, biasface_ghost_orc_armoury

Skill      XL: |  1  2  3 |
---------------+----------+-----
Fighting       | 4 5 |  5.1
Armour         | 4 |  4.0
Shields        | 4 |  4.0
Axes           | 3 |  3.4

Action                   |  1- 3 |  4- 6 || total
-------------------------+-------+-------++-------
Melee: War axe           |   100 |    14 ||   114
       Headbutt          |    20 |     2 ||    22
  Use: Potion            |       |     1 ||     1
  Eat: Chunk             |     2 |       ||     2
Armor: Scale mail        |    59 |     3 ||    62
Dodge: Dodged            |    39 |     4 ||    43
Block: Kite shield       |    49 |    10 ||    59

Table legend:
 A = Non-vault XP
 B = Vault XP
 C = Vault XP percentage of total XP
 D = Non-vault monster count
 E = Vault monster count
 F = Vault count percentage of total count
                 A         B        C        D         E       F
            +---------+---------+-------+---------+---------+-------
      Total |     105 |      15 |  12.5 |      42 |       6 |  12.5
            +---------+---------+-------+---------+---------+-------
        D:1 |      38 |       6 |  13.6 |      22 |       3 |  12.0
        D:2 |      41 |       0 |   0.0 |      13 |       0 |   0.0
        D:3 |      26 |       9 |  25.7 |       7 |       3 |  30.0
            +---------+---------+-------+---------+---------+-------
